 Dungeon Crawl Stone Soup version 0.31-a0-237-g2d982f9f85 (webtiles) character file.

Game seed: 15205937435940139886

166 arthad the Slasher (level 5, -1/37 HPs)
             Began as a Gnoll Wanderer on July 11, 2023.
             Hit by a stone thrown by an orc (3 damage)
             ... on level 4 of the Dungeon.
             The game lasted 00:04:47 (2223 turns).

arthad the Slasher (Gnoll Wanderer)                 Turns: 2223, Time: 00:04:48

Health: -1/37      AC:  5    Str: 14    XL:     5   Next: 47%
Magic:  9/9        EV: 13    Int:  8    God:
Gold:   84         SH:  5    Dex: 14    Spells: 6/10 levels left

rFire   . . .        a - +2 falchion
rCold   . . .        (no shield)
rNeg    . . .        d - +0 leather armour
rPois   .            i - +0 helmet
rElec   .            b - +0 cloak
rCorr   .            (no gloves)
SInv    +            (no boots)
Will    .....        e - amulet of reflection
Stlth   ++           q - ring of see invisible
HPRegen 0.26/turn    (no ring)
MPRegen 0.11/turn

%: reflection
@: no status effects
A: fangs 1, strong nose, distributed training
a: no special abilities


You were on level 4 of the Dungeon.
You visited 1 branch of the dungeon, and saw 4 of its levels.

You collected 84 gold pieces.

Inventory:

Hand Weapons
 a - a +2 falchion (weapon)
 o - a +0 sling of flaming
Missiles
 m - 5 poisoned darts
Armour
 b - a +0 cloak (worn)
 d - a +0 leather armour (worn)
 i - a +0 helmet (worn)
Jewellery
 e - an amulet of reflection (around neck)
 q - a ring of see invisible (left hand)
Scrolls
 c - a scroll of fog
 f - 3 scrolls of identify {unknown}
 h - a scroll of fear {unknown}
 k - a scroll of teleportation {unknown}
 l - 2 scrolls of enchant weapon {unknown}
 s - a scroll of blinking {unknown}
 t - a scroll of enchant armour {unknown}
Potions
 g - 3 potions of curing
 j - a potion of attraction {unknown}
 n - a potion of enlightenment {unknown}
 p - a potion of lignification {unknown}
 r - a potion of degeneration {unknown}


   Skills:
 + Level 1.6 Fighting
 + Level 1.6 Short Blades
 + Level 6.7 Long Blades
 + Level 1.6 Axes
 + Level 1.6 Maces & Flails
 + Level 1.6 Polearms
 + Level 1.6 Staves
 + Level 1.6 Ranged Weapons
 + Level 1.6 Throwing
 + Level 1.6 Armour
 + Level 4.8 Dodging
 + Level 2.8 Stealth
 + Level 1.6 Shields
 + Level 1.6 Unarmed Combat
 + Level 3.2 Spellcasting
 + Level 1.2 Conjurations
 + Level 4.0 Hexes
 + Level 1.2 Summonings
 + Level 1.2 Necromancy
 + Level 1.2 Translocations
 + Level 1.2 Transmutations
 + Level 1.2 Fire Magic
 + Level 1.2 Ice Magic
 + Level 1.2 Air Magic
 + Level 1.2 Earth Magic
 + Level 1.2 Poison Magic
 + Level 1.8 Invocations
 + Level 3.0 Evocations


You had 6 spell levels left.
You knew the following spells:

 Your Spells              Type           Power      Damage    Failure   Level
a - Slow                  Hex            28%        N/A       8%          1
b - Confusing Touch       Hex            7%         N/A       22%         3

Your spell library contained the following spells:

 Spells                   Type           Power      Damage    Failure   Level
 Necrotise                Necr           12%        1d4       22%         1
 Ignite Poison            Fire/Tmut/Pois 3%         N/A       56%         3
 Vampiric Draining        Necr           3%         2d6       56%         3
 Sticky Flame             Conj/Fire      3%         2d3       92%         4
 Agony                    Necr           3%         N/A       99%         5
 Ignition                 Fire           1%         3d3       100%        8


Dungeon Overview and Level Annotations

Branches:
Dungeon (4/15)
 Temple: D:4-7

Altars:
Vehumet
Wu Jian

Shops:
D:1 [   D:3 *

Annotations:
D:3 1 runed translucent door, Crazy Yiuf


Innate Abilities, Weirdness & Mutations

You have very sharp teeth.
Your uncanny sense of smell can sniff out nearby items.
Your experience applies equally to all skills.


Message History

The ogre shouts!
The orc shouts!
You hear a shout! x2
An orc comes into view. It is wielding a +0 whip.
The orc moves out of view.
The orc shouts!
An orc comes into view. It is wielding a +0 morningstar.
You barely miss the orc. You block the orc's attack.
You hit the orc but do no damage. The orc hits you with a +0 club.
You slash the orc!
You kill the orc!
The orc misses you.
You hit the ogre. You bite the ogre.
The ogre is moderately wounded.
The orc barely misses you. The ogre barely misses you.
You hit the ogre.
The ogre is moderately wounded.
You slash the ogre!
The ogre is heavily wounded.
You block the orc's attack. The orc barely misses you. The ogre misses you.
You hit the ogre.
The ogre is severely wounded.
The orc hits you with a +0 morningstar. The orc closely misses you.
You hit the ogre.
The ogre is almost dead.
The orc hits you with a +0 whip. The ogre hits you with a +0 giant club!
* * * LOW HITPOINT WARNING * * *
The orc barely misses you.
You are too injured to fight recklessly!
You are too injured to fight recklessly!
You are too injured to fight recklessly!
You are too injured to fight recklessly!
You are too injured to fight recklessly!
The orc attacks as you move away! The orc barely misses you.
An orc wizard comes into view. It is wielding a +0 dagger.
The orc wizard shouts!
An orc comes into view. It is wielding a +0 mace.
The orc wizard gestures at you while chanting.
The puff of flame hits you!
* * * LOW HITPOINT WARNING * * *
The orc throws a stone.
The stone hits you.
You die...

# #.##.##.#
#.......#
#########.####
.....###..#
.......#.## .
♣♣....# ..♣
♣...#.#
♣.....♣..##
♣♣.[.♣♣.@#
..._...Oo#
♣♣.o.♣♣o.#
♣..o ♣).# ..♣
..## . ♣..# ∆
...# ..### ###


You could see an ogre, an orc wizard and 3 orcs.

Vanquished Creatures
  An iguana (D:4)
  3 adders
  A worm (D:2)
  2 dart slugs
  6 orcs
  5 bats
  13 endoplasms
  5 giant cockroaches
  11 goblins
  7 hobgoblins
  7 jackals
  8 kobolds
  3 quokkas
  6 ball pythons
  2 frilled lizards
  5 rats
85 creatures vanquished.

Notes
Turn   | Place    | Note
-------+----------+-------------------------------------------
     0 | D:1      | arthad the Gnoll Wanderer began the quest for the Orb.
     0 | D:1      | arthad set off with the following items: a +2 falchion, a
                  | +0 cloak, a scroll of fog, a +0 leather armour; and the
                  | following spell memorised: Slow; and the following spells
                  | available to memorise: Confusing Touch.
     0 | D:1      | Reached XP level 1. HP: 13/13 MP: 4/4
    10 | D:1      | Noticed a golden eye
    11 | D:1      | Found a faded altar of an unknown god.
    14 | D:1      | Noticed a great orb of eyes
    14 | D:1      | Noticed an eye of devastation
    14 | D:1      | Noticed a great orb of eyes
    64 | D:1      | Reached XP level 2. HP: 16/19 MP: 5/5
   218 | D:1      | Reached XP level 3. HP: 23/25 MP: 7/7
   235 | D:1      | Found Dodab's Armour Shoppe.
   288 | D:1      | You fall into a shaft and drop 1 floor!
   404 | D:1      | Reached skill level 1 in Invocations
   603 | D:2      | Reached skill level 1 in Fighting
   603 | D:2      | Reached skill level 1 in Short Blades
   603 | D:2      | Reached skill level 1 in Axes
   603 | D:2      | Reached skill level 1 in Maces & Flails
   603 | D:2      | Reached skill level 1 in Polearms
   603 | D:2      | Reached skill level 1 in Staves
   603 | D:2      | Reached skill level 1 in Ranged Weapons
   603 | D:2      | Reached skill level 1 in Throwing
   603 | D:2      | Reached skill level 1 in Armour
   603 | D:2      | Reached skill level 1 in Shields
   603 | D:2      | Reached skill level 1 in Unarmed Combat
   622 | D:2      | Reached XP level 4. HP: 15/32 MP: 8/8
   646 | D:1      | Learned a level 3 spell: Confusing Touch
   871 | D:2      | Reached skill level 1 in Conjurations
   871 | D:2      | Reached skill level 1 in Summonings
   871 | D:2      | Reached skill level 1 in Necromancy
   871 | D:2      | Reached skill level 1 in Translocations
   871 | D:2      | Reached skill level 1 in Transmutations
   871 | D:2      | Reached skill level 1 in Fire Magic
   871 | D:2      | Reached skill level 1 in Ice Magic
   871 | D:2      | Reached skill level 1 in Air Magic
   871 | D:2      | Reached skill level 1 in Earth Magic
   871 | D:2      | Reached skill level 1 in Poison Magic
  1193 | D:3      | Found Hicyak's General Store.
  1235 | D:3      | Found a radiant altar of Vehumet.
  1598 | D:3      | Reached XP level 5. HP: 37/37 MP: 9/9
  1850 | D:3      | Found a runed translucent door.
  1851 | D:3      | Noticed Crazy Yiuf
  2206 | D:4      | Found an ornate altar of the Wu Jian Council.
  2211 | D:4      | Noticed an ogre
  2223 | D:4      | Hit by a stone thrown by an orc

Illustrated notes

Levels and vault maps discovered:
D:1:      wander_arrival_peaceful_grave, layout_rooms,
          hellmonk_ecumenical_altar_watching_god, serial_shops, shop
D:2:      layout_rooms
D:3:      layout_basic, lemuel_doored_altar, serial_shops,
          nicolae_shop_competitors_out_of_business, uniq_crazy_yiuf_cottage
D:4:      layout_loops_cross, mainiacjoe_overflow_six_doors_small,
          mainiacjoe_overflow_small_starburst, minmay_misc_feat_hallway

Skill      XL: |  1  2  3  4  5 |
---------------+----------------+-----
Invocations    | 1 |  1.8
Fighting       | 1 |  1.6
Short Blades   | 1 |  1.6
Axes           | 1 |  1.6
Maces & Flails | 1 |  1.6
Polearms       | 1 |  1.6
Staves         | 1 |  1.6
Ranged Weapons | 1 |  1.6
Throwing       | 1 |  1.6
Armour         | 1 |  1.6
Shields        | 1 |  1.6
Unarmed Combat | 1 |  1.6
Spellcasting   | 3 |  3.2
Conjurations   | 1 |  1.2
Summonings     | 1 |  1.2
Necromancy     | 1 |  1.2
Translocations | 1 |  1.2
Transmutations | 1 |  1.2
Fire Magic     | 1 |  1.2
Ice Magic      | 1 |  1.2
Air Magic      | 1 |  1.2
Earth Magic    | 1 |  1.2
Poison Magic   | 1 |  1.2
Evocations     | 3 |  3.0
Hexes          | 4 |  4.0
Long Blades    | |  6.7
Dodging        | |  4.8
Stealth        | |  2.8

Action                     |  1- 3 |  4- 6 || total
---------------------------+-------+-------++-------
  Melee: Falchion          |    96 |   123 ||   219
         Bite              |     7 |    11 ||    18
         Punch             |       |     1 ||     1
   Cast: Slow              |       |    19 ||    19
    Use: Potion            |       |     1 ||     1
   Stab: Sleeping          |     2 |     5 ||     7
         Distracted        |       |     1 ||     1
 Armour: Leather armour    |    20 |    17 ||    37
  Dodge: Dodged            |    56 |    61 ||   117
  Block: Other             |    26 |    18 ||    44

Table legend: (Time is in decaauts)
 A = Elapsed time spent in this place.
 B = Non-inter-level travel time spent in this place.
 C = Inter-level travel time spent in this place.
 D = Time resting spent in this place.
 E = Time spent auto-exploring this place.
 F = Levels seen in this place.
 G = Mean time per level.
                   A        B        C        D        E       F      G
               +--------+--------+--------+--------+--------+-----+--------+
         Total |   2217 |   2152 |     65 |     77 |   1518 |   4 |  554.2 |
       Dungeon |   2217 |   2152 |     65 |     77 |   1518 |   4 |  554.2 |
               +--------+--------+--------+--------+--------+-----+--------+

Top non-repeatable levels by time:
     D:3: 900 daAuts
     D:1: 667 daAuts
     D:2: 432 daAuts
     D:4: 217 daAuts
